 Dungeon Crawl Stone Soup version 0.21.0 (webtiles) character file.

26203 MTVSty1e the Cleaver (level 13, -18/108 HPs)
             Began as a Formicid Fighter on Jan 7, 2018.
             Was a High Priest of Okawaru.
             Demolished by Rupert
             ... wielding a +5 great mace of pain
              (27 damage)
             ... on level 12 of the Dungeon.
             The game lasted 00:29:30 (11222 turns).

MTVSty1e the Cleaver (Formicid Fighter)            Turns: 11222, Time: 00:29:31

Health: -18/108    AC: 19    Str: 30      XL:     13   Next: 56%
Magic:  11/16      EV: 10    Int:  8 (9)  God:    Okawaru [*****.]
Gold:   504        SH: 14    Dex: 10      Spells: 12/12 levels left

rFire    + . .     SeeInvis +   d - +0 battleaxe (flame)
rCold    + . .     Gourm    .   c - +0 shield
rNeg     . . .     Faith    .   B - +0 plate armour
rPois    .         Spirit   .   (helmet unavailable)
rElec    .         Reflect  .   F - scarf {repulsion}
rCorr    .         Harm     .   y - +0 pair of gloves
MR       ++...                  I - +0 pair of boots
Stlth    ..........             e - amulet of magic regeneration
HPRegen  0.68/turn              i - ring of protection from cold
MPRegen  0.40/turn              P - ring of protection from magic

@: mighty, heroism, finesse, repel missiles
A: permanent stasis, dig shafts and tunnels, four strong arms, antennae 3,
deterioration 1, fire resistance 1, regeneration 1
a: Dig, Shaft Self, Heroism, Finesse, Renounce Religion


You were on level 12 of the Dungeon.
You worshipped Okawaru.
Okawaru was extremely pleased with you.
You were not hungry.

You visited 1 branch of the dungeon, and saw 13 of its levels.
You also visited: Labyrinth.

You collected 742 gold pieces.
You spent 238 gold pieces at shops.

Inventory:

Hand Weapons
 a - a +0 war axe
 d - a +0 battleaxe of flaming (weapon)
 w - a +1 war axe of freezing
 J - a +0 great mace
Armour
 c - a +0 shield (worn)
 y - a +0 pair of gloves (worn)
 B - a +0 plate armour (worn)
 F - a scarf of repulsion (worn)
 I - a +0 pair of boots (worn)
Jewellery
 e - an amulet of magic regeneration (around neck)
 i - a ring of protection from cold (left hand)
 v - a +2 ring of strength
 E - a +2 ring of evasion
 L - an uncursed ring of flight
 P - a ring of protection from magic (right hand)
 Q - an uncursed ring of poison resistance
Wands
 h - a wand of polymorph (29)
 z - a wand of paralysis (43)
 G - a wand of flame (20)
 M - a wand of disintegration (10)
 N - a wand of enslavement (8)
Scrolls
 b - a scroll of magic mapping
 k - 3 scrolls of fog
 m - 7 scrolls of amnesia
 q - 4 scrolls of enchant weapon
 u - 4 scrolls of remove curse
 x - a scroll of identify
Potions
 g - 3 potions of flight
 j - 3 potions of ambrosia
 l - 4 potions of curing
 o - a potion of cancellation
 p - a potion of berserk rage
 s - a potion of lignification
 t - a potion of brilliance
 A - 4 potions of agility
Books
 r - the Collected Works on the Poisonous Frostbite
   (You found it in a labyrinth)

   Spells                             Type                      Level
   a - Sting                          Conjuration/Poison           1
   b - Freeze                         Ice                          1
   c - Ensorcelled Hibernation        Hexes/Ice                    2
   d - Spider Form                    Transmutation/Poison         3
   e - Throw Icicle                   Conjuration/Ice              4
   f - Ice Form                       Ice/Transmutation            4
   g - Venom Bolt                     Conjuration/Poison           5
   h - Metabolic Englaciation         Hexes/Ice                    5
 H - a book of Death

   Spells                             Type                      Level
   a - Corpse Rot                     Necromancy                   2
   b - Sublimation of Blood           Necromancy                   2
   c - Agony                          Necromancy                   5
   d - Dispel Undead                  Necromancy                   5
   e - Excruciating Wounds            Charms/Necromancy            5
   f - Bolt of Draining               Conjuration/Necromancy       5
Comestibles
 f - 10 rations
 D - a chunk of flesh


   Skills:
 + Level 12.1(17.1) Fighting
 * Level 14.7(19.7) Axes
 + Level 9.4(14.4) Armour
 + Level 10.2(15.2) Shields
 + Level 4.4 Invocations


You had 12 spell levels left.
You didn't know any spells.

Dungeon Overview and Level Annotations

Branches:
Dungeon (13/15)            Temple (0/1) D:5            Lair (0/6) D:9
    Orc (0/2) D:11
 Vaults: D:13-14

Altars:
Ashenzari
Makhleb
Okawaru
Sif Muna
Xom
Yredelemnul
Zin

Shops:
D:7 !}*   D:9 [=

Annotations:
D:12 Rupert


Innate Abilities, Weirdness & Mutations

You cannot be hasted, slowed, berserked, paralysed or teleported.
You can dig through walls and to a lower floor.
Your four strong arms can wield two-handed weapons with a shield.
You have a pair of large antennae on your head. (SInv)
Your body sometimes deteriorates upon taking damage.
Your flesh is heat resistant. (rF+)
Your natural rate of healing is unusually fast.


Message History

Okay, then.
You feel very mighty all of a sudden.
Rupert hits you with a great mace of pain!
* * * LOW HITPOINT WARNING * * *
You feel much better.
Rupert hits you with a great mace of pain!
You writhe in agony.
* * * LOW HITPOINT WARNING * * *
You block Rupert's attack.
You barely miss Rupert.
Rupert is lightly wounded.
You barely miss Rupert.
Rupert is lightly wounded.
Rupert hits you with a great mace of pain!
* * * LOW HITPOINT WARNING * * *
You writhe in agony.
* * * LOW HITPOINT WARNING * * *
You can now deal lightning-fast blows.
Rupert hits you with a great mace of pain!!
You die...

***,,*** #..# ,,,,**
##.## ,**** #..# ,*
##.# ,** #.## ,,*
#####..##### ,,*****
#..........#
,,,,,,****#..).......#
,,,**,,,,*#.....@....#
,,,,****,.......@....#
,,*,,,,**##..........#
,,,,**,,**#..........#
,,*,,,,,,....).......#
,,*****,,##..#########
,,* **,....* ,,*
**###** ,**


You could see Rupert (berserk).

Vanquished Creatures
  A minotaur (Lab)
  A catoblepas (D:13)
  2 vault guards (D:13)
  A hydra (D:13)
  3 centaur warriors
  2 two-headed ogres
  7 death yaks
  A wizard (D:9)
  2 ugly things
  A deep elf mage (D:12)
  A manticore (D:11)
  A cyclops (D:11)
  A centaur zombie (D:12)
  2 gargoyles
  A komodo dragon (D:13)
  3 trolls
  2 slime creatures (D:13)
  5 hippogriffs
  Sigmund (D:4)
  A basilisk (Lab)
  A wraith (D:11)
  A wyvern (D:13)
  A steam dragon (D:11)
  A yak (D:10)
  The ghost of MTVSty1e the Poker, an amateur MfGl (D:3)
  2 wargs (D:11)
  A hungry ghost (D:13)
  Edmund (D:6)
  A soldier ant (D:8)
  A water moccasin (D:4)
  14 orc warriors
  A black bear (D:7)
  5 ice beasts
  3 sky beasts
  A phantom (D:5)
  6 centaurs
  5 ogres
  A wyvern zombie (D:11)
  3 big kobolds (D:10)
  10 bullfrogs
  An earth elemental (Lab)
  6 scorpions
  3 killer bees (D:9)
  A howler monkey (D:4)
  13 wights
  4 crimson imps
  A jelly (D:9)
  2 bullfrog zombies
  7 hounds
  18 orc wizards
  10 orc priests
  A bullfrog skeleton (D:10)
  2 centaur skeletons
  3 iguanas
  19 worker ants
  A hound skeleton (D:5)
  4 gnolls (D:4)
  A howler monkey skeleton (D:7)
  10 adders
  8 shadow imps
  2 oozes
  An adder zombie (D:9)
  An adder skeleton (D:9)
  2 worms
  2 dart slugs
  9 leopard geckos
  74 orcs
  5 giant cockroaches
  9 goblins
  6 hobgoblins
  14 jackals
  19 kobolds
  6 quokkas
  2 ball pythons
  13 bats
  8 frilled lizards
  A jackal zombie (D:5)
  A leopard gecko skeleton (D:5)
  A quokka skeleton (D:4)
  4 rats
  A spectral orc (D:2)
395 creatures vanquished.

Notes
Turn   | Place    | Note
-------+----------+-------------------------------------------
     0 | D:1      | MTVSty1e the Formicid Fighter began the quest for the Orb.
     0 | D:1      | Reached XP level 1. HP: 18/18 MP: 1/1
    85 | D:1      | Reached XP level 2. HP: 20/24 MP: 2/2
   312 | D:1      | Reached XP level 3. HP: 28/30 MP: 3/3
   317 | D:1      | Reached skill level 3 in Axes
   798 | D:2      | Found a burning altar of Makhleb.
   798 | D:2      | Noticed a balrug
   846 | D:2      | Reached XP level 4. HP: 32/37 MP: 4/4
  1230 | D:2      | Found a basalt altar of Yredelemnul.
  1390 | D:3      | Reached skill level 4 in Axes
  1417 | D:3      | Reached XP level 5. HP: 32/42 MP: 5/5
  1803 | D:3      | Noticed MTVSty1e's ghost (amateur MfGl)
  1818 | D:3      | Killed MTVSty1e's ghost
  1818 | D:3      | Reached skill level 5 in Axes
  1818 | D:3      | Reached XP level 6. HP: 30/50 MP: 6/6
  2078 | D:3      | Reached skill level 5 in Fighting
  2262 | D:4      | Noticed Sigmund
  2268 | D:4      | Killed Sigmund
  2268 | D:4      | Reached skill level 6 in Axes
  2268 | D:4      | Reached XP level 7. HP: 53/56 MP: 7/7
  2851 | D:4      | Gained mutation: You are somewhat resistant to further mutation. [potion of mutation]
  2851 | D:4      | Gained mutation: You possess an exceptional clarity of mind. [potion of mutation]
  2887 | D:4      | Noticed a water moccasin
  2891 | D:4      | Killed a water moccasin
  2891 | D:4      | Reached skill level 7 in Axes
  2891 | D:4      | Reached XP level 8. HP: 60/64 MP: 8/8
  3101 | D:5      | Entered Level 5 of the Dungeon
  3272 | D:5      | Reached skill level 8 in Axes
  3667 | D:5      | Noticed a centaur warrior
  3689 | D:5      | Killed a centaur warrior
  3689 | D:5      | Reached skill level 9 in Axes
  3689 | D:5      | Reached XP level 9. HP: 20/74 MP: 9/9
  4077 | D:5      | Found a staircase to the Ecumenical Temple.
  4100 | D:5      | Found a shattered altar of Ashenzari.
  4125 | D:5      | Reached skill level 10 in Axes
  4668 | D:6      | Noticed Edmund
  4685 | D:6      | Killed Edmund
  4685 | D:6      | Reached XP level 10. HP: 71/82 MP: 10/10
  4732 | D:6      | Found a glowing silver altar of Zin.
  4788 | D:6      | Reached skill level 11 in Axes
  4974 | D:6      | Found a deep blue altar of Sif Muna.
  5244 | D:7      | Found Afoz's Gadget Boutique.
  5312 | D:7      | Found Metiotzu's General Store.
  5319 | D:7      | Bought a potion of mutation for 112 gold pieces
  5612 | D:7      | Found a shimmering altar of Xom.
  5613 | D:7      | Found a shimmering altar of Xom.
  5613 | D:7      | Found a shimmering altar of Xom.
  5776 | D:7      | Found Gulos's Distillery.
  5779 | D:7      | Bought a potion of degeneration for 14 gold pieces
  5784 | D:7      | Bought a potion of mutation for 112 gold pieces
  5784 | D:7      | Lost mutation: You are somewhat resistant to further mutation. [potion of mutation]
  5784 | D:7      | Lost mutation: You possess an exceptional clarity of mind. [potion of mutation]
  5784 | D:7      | Gained mutation: Your natural rate of healing is unusually fast. [potion of mutation]
  5784 | D:7      | Gained mutation: Armour fits poorly on your strangely shaped body. [potion of mutation]
  5784 | D:7      | Gained mutation: Your mind is acute. (Int +2) [potion of mutation]
  5785 | D:7      | Lost mutation: Your mind is acute. (Int +2) [potion of mutation]
  5785 | D:7      | Lost mutation: Armour fits poorly on your strangely shaped body. [potion of mutation]
  5785 | D:7      | Gained mutation: Your body sometimes deteriorates upon taking damage. [potion of mutation]
  5785 | D:7      | Gained mutation: Your flesh is heat resistant. (rF+) [potion of mutation]
  5888 | D:8      | Found an iron altar of Okawaru.
  5934 | D:8      | Became a worshipper of Warmaster Okawaru
  5964 | D:8      | Reached skill level 5 in Shields
  6105 | D:8      | Reached * piety under Okawaru
  6363 | D:8      | Reached skill level 5 in Armour
  6546 | D:9      | Found a staircase to the Lair.
  6546 | D:9      | Noticed a death yak
  6546 | D:9      | Noticed a death yak
  6570 | D:8      | Killed a death yak
  6570 | D:8      | Reached ** piety under Okawaru
  6656 | D:9      | Killed a death yak
  6656 | D:9      | Reached skill level 12 in Axes
  6656 | D:9      | Reached XP level 11. HP: 28/90 MP: 11/11
  6755 | D:9      | Found Emuneogh's Armour Shop.
  6778 | D:9      | Noticed a death yak
  6779 | D:9      | Noticed a death yak
  6779 | D:9      | Noticed a death yak
  6780 | D:9      | Noticed a death yak
  6780 | D:9      | Noticed a death yak
  6814 | D:8      | Killed a death yak
  6814 | D:8      | Reached *** piety under Okawaru
  6814 | D:8      | Reached skill level 10 in Fighting
  6922 | D:8      | Killed a death yak
  7134 | D:8      | Killed a death yak
  7134 | D:8      | Reached **** piety under Okawaru
  7146 | D:8      | Killed a death yak
  7394 | D:9      | Killed a death yak
  7818 | D:9      | Found Nayfo's Jewellery Boutique.
  7905 | D:9      | Noticed a wizard
  7918 | D:9      | Killed a wizard
  8002 | D:10     | Entered Level 10 of the Dungeon
  8050 | D:10     | Reached ***** piety under Okawaru
  8406 | D:10     | Noticed a centaur warrior
  8423 | D:10     | Reached skill level 13 in Axes
  8430 | D:10     | Reached XP level 12. HP: 94/99 MP: 12/12
  8468 | D:10     | Received a gift from Okawaru
  8482 | D:10     | Killed a centaur warrior
  8621 | D:10     | Received a gift from Okawaru
  9409 | D:11     | Received a gift from Okawaru
  9483 | D:11     | Noticed a two-headed ogre
  9494 | D:11     | Killed a two-headed ogre
  9513 | D:11     | Found a staircase to the Orcish Mines.
  9864 | D:11     | You fall through a shaft for 2 floors!
  9868 | D:13     | Noticed a two-headed ogre
  9883 | D:13     | Noticed a centaur warrior
  9884 | D:13     | Killed a two-headed ogre
  9884 | D:13     | Reached skill level 14 in Axes
  9884 | D:13     | Reached skill level 1 in Invocations
  9898 | D:13     | Killed a centaur warrior
  9898 | D:13     | Reached XP level 13. HP: 37/106 MP: 11/14
  9948 | D:13     | HP: 5/106 [very large slime creature (27)]
 10093 | D:13     | Noticed a vault guard
 10106 | D:13     | Killed a vault guard
 10136 | D:13     | Noticed a five-headed hydra
 10148 | D:13     | Killed a five-headed hydra
 10191 | D:13     | Noticed a vault guard
 10192 | D:13     | Noticed a catoblepas
 10207 | D:13     | Killed a catoblepas
 10319 | D:13     | Noticed a vault guard
 10331 | D:13     | Killed a vault guard
 10331 | D:13     | Received a gift from Okawaru
 10331 | D:13     | Reached ****** piety under Okawaru
 10382 | D:12     | Reached skill level 10 in Shields
 10406 | D:12     | Found a labyrinth entrance.
 10417 | Lab      | Entered a labyrinth
 10817 | Lab      | Noticed a minotaur
 10825 | Lab      | Killed a minotaur
 10832 | Lab      | Identified the Collected Works on the Poisonous Frostbite
 10841 | Lab      | Got a slimy marble ring
 10843 | Lab      | Identified the cursed ring of Naif {MP+9 Int-4} (You found it in a labyrinth)
 11210 | D:12     | Noticed Rupert
 11222 | D:12     | Demolished by Rupert

Skill      XL: |  1  2  3  4  5  6  7  8  9 10 11 12 13 |
---------------+----------------------------------------+-----
Axes           | 3 4 5 6 7 9 10 12 13 14 | 14.7
Fighting       | 4 5 6 7 8 9 10 11 12 | 12.1
Shields        | 6 7 9 10 | 10.2
Armour         | 5 7 8 9 |  9.4
Invocations    | 1 4 |  4.4

Action                   |  1- 3 |  4- 6 |  7- 9 | 10-12 | 13-15 || total
-------------------------+-------+-------+-------+-------+-------++-------
Melee: War axe           |   113 |   137 |   280 |   228 |       ||   758
       Battleaxe         |       |       |       |   409 |   166 ||   575
       Great mace        |       |       |       |       |     5 ||     5
Invok: Heroism           |       |       |       |     7 |     6 ||    13
       Finesse           |       |       |       |       |     1 ||     1
 Abil: Dig               |       |       |       |       |     1 ||     1
  Use: Scroll            |       |     9 |     9 |     7 |     5 ||    30
       Potion            |       |       |     3 |     6 |     4 ||    13
  Eat: Ration            |       |     2 |     2 |     5 |     1 ||    10
       Chunk             |       |     1 |       |     1 |     1 ||     3
Armor: Scale mail        |    52 |    53 |    86 |       |       ||   191
       Plate armour      |       |       |     3 |   280 |    66 ||   349
Dodge: Dodged            |    45 |    43 |    70 |   140 |    42 ||   340
       Deflected         |       |       |       |     3 |     1 ||     4
Block: Shield            |    66 |    77 |   128 |   313 |   102 ||   686
